 Dungeon Crawl Stone Soup version 0.27-a0-1384-g1422d76b99 (webtiles) character file.

Game seed: 15416368151673155301

1 dickylongcocking the Covered (level 1, 0/18 HPs)
             Began as a Djinni Wanderer on July 1, 2021.
             Slain by an endoplasm (2 damage)
             ... on level 1 of the Dungeon.
             The game lasted 00:00:04 (52 turns).

dickylongcocking the Covered (Djinni Wanderer)        Turns: 52, Time: 00:00:05

Health: 0/18       AC:  2    Str: 11    XL:     1   Next: 22%
Gold:   0          EV:  8    Int: 12    God:
                   SH:  7    Dex: 13

rFire    + + .     SeeInvis .   a - +0 dagger
rCold    x . .     Faith    .   c - +0 kite shield
rNeg     . . .     Spirit   .   b - +0 robe
rPois    ∞         Reflect  .   (no helmet)
rElec    .         Harm     .   (no cloak)
rCorr    .         Rampage  .   (no gloves)
Will     .....                  (boots unavailable)
Stlth    +.........             (no amulet)
HPRegen  0.06/turn              (no ring)
MPRegen  0.00/turn              (no ring)

@: flying
A: sickness immunity, fire resistance 2, cold vulnerability 1, float, innate
caster, hp casting, extra vitality 1
a: no special abilities


You were on level 1 of the Dungeon.
You visited 1 branch of the dungeon, and saw 1 of its levels.

Inventory:

Hand Weapons
 a - a +0 dagger (weapon)
Armour
 b - a +0 robe (worn)
 c - a +0 kite shield (worn)


   Skills:
 + Level 2.0 Fighting
 + Level 1.5 Axes
 + Level 1.0 Throwing
 + Level 4.0 Armour
 + Level 1.0 Shields


You couldn't memorise any spells.
You knew the following spells:

 Your Spells              Type           Power      Damage    Failure   Level
a - Ozocubu's Armour      Ice            0%         N/A       99%         3
b - Freeze                Ice            0%         1d3       90%         1
c - Corpse Rot            Necr/Air       N/A        N/A       97%         2
d - Static Discharge      Conj/Air       0%         N/A       97%         2

Your spell library contained the following spells:

 Spells                   Type           Power      Damage    Failure   Level


Dungeon Overview and Level Annotations

Branches:
Dungeon (1/15)

Altars:


Innate Abilities, Weirdness & Mutations

You are immune to sickness and miasma.
You are immune to poison.
Your flesh is very heat resistant. (rF++)
You are vulnerable to cold. (rC-)
You float through the air rather than walking.
You learn spells naturally, not from books.
Your magical power is your life essence.
You have superior vitality. (+4 HP)


Message History

The bosom of this dungeon contains the legendary artefact, the Orb of Zot.
Press ? for a list of commands and other information.
Found 24 stones.
Found a staircase leading out of the dungeon.
You begin with the following items: a +0 dagger, a +0 robe, a +0 kite shield; and the following spells memorised: Ozocubu's Armour, Freeze, Corpse Rot, Static Discharge.
Cast which spell? (? or * to list)
Okay, then.
You reach down and open the door.
There is an open door here.
You reach down and open the door.
There is an open door here.
Found 23 arrows. 2 endoplasms come into view.
The endoplasm quivers.
There are monsters nearby!
There are monsters nearby!
There are monsters nearby!
There are monsters nearby!
The endoplasm quivers.
You hit the endoplasm but do no damage.
The endoplasm jiggles.
The endoplasm closely misses you.
You hit the endoplasm.
The endoplasm is heavily wounded.
The endoplasm barely misses you. The endoplasm freezes you.
You are frozen.
You feel a terrible chill!
You hit the endoplasm but do no damage.
The endoplasm is heavily wounded.
The endoplasm freezes you.
You are frozen!
You feel a terrible chill! You block the endoplasm's attack.
You hit the endoplasm.
You kill the endoplasm!
The endoplasm closely misses you. The endoplasm freezes you.
You are frozen.
You feel a terrible chill!
* * * LOW HITPOINT WARNING * * *
You are too injured to fight recklessly!
The endoplasm hits you.
You die...

#...#.≈≈#.#(.###...##
#...#####.##......##
#...# .#######..####
##+## . ###.....#
.#####...###.#
##.....### #
##.###### ###..######
#..J@.....#
....##.......# ###
#..####### #.# .. ###


You could see an endoplasm.

Vanquished Creatures
  An endoplasm (D:1)
1 creature vanquished.

Notes
Turn   | Place    | Note
-------+----------+-------------------------------------------
     0 | D:1      | dickylongcocking the Djinni Wanderer began the quest for
                  | the Orb.
     0 | D:1      | Reached XP level 1. HP: 18/18 MP: 0/0
    52 | D:1      | Slain by an endoplasm

Illustrated notes

Levels and vault maps discovered:
D:1:      dpeg_arrival_yet_another_circle, layout_rooms,
          hellmonk_ecumenical_altar_lost_god

Action                   || total
-------------------------++-------
Melee: Dagger            ||     4
Dodge: Dodged            ||     3
Block: Kite shield       ||     1

Table legend: (Time is in decaauts)
 A = Elapsed time spent in this place.
 B = Non-inter-level travel time spent in this place.
 C = Inter-level travel time spent in this place.
 D = Time resting spent in this place.
 E = Time spent auto-exploring this place.
 F = Levels seen in this place.
 G = Mean time per level.
                   A        B        C        D        E       F      G
               +--------+--------+--------+--------+--------+-----+--------+
         Total |     53 |     53 |      0 |      0 |     45 |   1 |   53.0 |
       Dungeon |     53 |     53 |      0 |      0 |     45 |   1 |   53.0 |
               +--------+--------+--------+--------+--------+-----+--------+

Top non-repeatable levels by time:
     D:1: 53 daAuts
